 Dungeon Crawl Stone Soup version 0.31.0-11-ge490571c62 (webtiles) character file.

Game seed: 11847400407209966787

326 James the Magician (level 6, -2/32 HPs)
             Began as a Deep Elf Necromancer on Feb 9, 2024.
             Shot with an arrow by a centaur (10 damage)
             ... on level 4 of the Dungeon.
             The game lasted 00:15:12 (5052 turns).

James the Magician (Deep Elf Necromancer)           Turns: 5052, Time: 00:15:13

Health: -2/32      AC:  2    Str:  5    XL:     6   Next: 24%
Magic:  4/18       EV: 13    Int: 22    God:
Gold:   122        SH:  0    Dex: 15    Spells: 11/19 levels left

rFire   . . .        a - +0 dagger
rCold   . . .        (no shield)
rNeg    . . .        l - +0 robe
rPois   .            (no helmet)
rElec   .            (no cloak)
rCorr   .            (no gloves)
SInv    .            (no boots)
Will    .....        (no amulet)
Stlth   ++           (no ring)
HPRegen 0.25/turn    (no ring)
MPRegen 0.16/turn

%: no passive effects
@: animating dead, studying Staves
A: no striking features
a: no special abilities


You were on level 4 of the Dungeon.
You visited 1 branch of the dungeon, and saw 4 of its levels.

You collected 218 gold pieces.
You spent 96 gold pieces at shops.

Inventory:

Hand Weapons
 a - a +0 dagger (weapon)
   (You took it off a goblin on level 1 of the Dungeon)
 b - a +0 short sword
   (You took it off a kobold on level 1 of the Dungeon)
 g - a +2 trident of protection
   (You took it off an orc on level 4 of the Dungeon)
 i - a +0 club
   (You took it off a goblin on level 1 of the Dungeon)
 k - a +0 sling
   (You found it on level 1 of the Dungeon)
Missiles
 d - 8 poisoned darts
 o - 33 stones
Armour
 c - a +0 ring mail
   (You found it on level 4 of the Dungeon)
 e - a +0 ring mail
   (You found it on level 4 of the Dungeon)
 h - a +0 chain mail
   (You took it off an orc on level 4 of the Dungeon)
 l - a +0 robe (worn)
 u - a +0 scale mail
   (You found it on level 2 of the Dungeon)
 x - a +0 leather armour
   (You took it off an orc on level 3 of the Dungeon)
 y - a +0 leather armour
   (You took it off an orc on level 3 of the Dungeon)
 z - a +0 scale mail
   (You found it on level 3 of the Dungeon)
 E - a +0 scale mail
   (You found it on level 3 of the Dungeon)
Wands
 t - a wand of flame (15)
   (You took it off Natasha on level 2 of the Dungeon)
Scrolls
 f - 6 scrolls of teleportation {@r4}
 j - a scroll of enchant weapon {unknown}
 s - a scroll of butterflies {unknown}
 w - a scroll of fog {unknown}
 A - a scroll of noise {unknown}
 B - a scroll of blinking {unknown}
 C - a scroll of amnesia
 F - a scroll of poison {unknown}
Potions
 m - a potion of resistance
 n - a potion of ambrosia
 p - a potion of magic
 q - a potion of cancellation {unknown}
 r - 3 potions of curing {@q1}
 v - 2 potions of enlightenment
 D - a potion of might {unknown}
 G - a potion of lignification {!q}
 H - a potion of heal wounds {@q2}


   Skills:
 - Level 3.0 Dodging
 - Level 3.0 Stealth
 * Level 7.1 Spellcasting
 + Level 6.4 Necromancy


You had 11 spell levels left.
You knew the following spells:

 Your Spells              Type           Power      Damage    Failure   Level
a - Necrotise             Necr           100%       1d9       1%          1
q - Vampiric Draining     Necr           36%        2d8       1%          3
u - Animate Dead          Necr           36%        N/A       6%          4

Your spell library contained the following spells:

 Spells                   Type           Power      Damage    Failure   Level
 Curse of Agony           Necr           36%        N/A       16%         5
 Call Canine Familiar     Summ           7%         N/A       24%         3
 Sigil of Binding         Hex            7%         N/A       24%         3
 Tukima's Dance           Hex            7%         N/A       24%         3
 Dimensional Bullseye     Hex/Tloc       3%         N/A       63%         4
 Passage of Golubria      Tloc           7%         N/A       63%         4
 Yara's Violent Unravell  Hex/Alch       3%         3d4       92%         5
 Conjure Ball Lightning   Conj/Air       3%         3x3d6     100%        6
 Discord                  Hex            3%         N/A       100%        8
 Disjunction              Tloc           3%         N/A       100%        8


Dungeon Overview and Level Annotations

Branches:
Dungeon (4/15)
 Temple: D:4-7

Altars:

Shops:
D:1 !

Annotations:
D:3 1 runed translucent door, Crazy Yiuf


Message History

Your reaping aura is weakening.
You start resting.
You start resting.
Your reaping aura expires.
You start resting.
You call upon the dead to rise.
You climb downwards.
The centaur shoots an arrow.
The arrow misses you.
The centaur shoots an arrow.
The arrow closely misses you.
There is a stone staircase leading up, spattered with blood here.
The centaur shoots an arrow.
The arrow hits you!
The centaur shoots an arrow.
The arrow hits you!
* * * LOW HITPOINT WARNING * * *
You climb upwards.
Level annotation: 1 runed translucent door, Crazy Yiuf
There is a stone staircase leading down, spattered with blood here.
You start resting.
Your reaping aura is weakening.
There is an open door here.
Your reaping aura expires.
Things that are here:
a +0 heavy mace; a +0 club
There is an open door here.
There is a stone staircase leading down here.
You start resting.
You climb downwards.
There is a stone staircase leading up here.
The ogre shouts!
You hear a shout!
Press: ? - help, Shift-Dir - straight line, f - ogre
Aim: an ogre, wielding a +0 giant club (chance to affect: 83%)
The ogre writhes in agony.
Press: ? - help, Shift-Dir - straight line, f/p - ogre
Aim: an ogre, wielding a +0 giant club (lightly wounded, chance to affect: 83%)
The ogre writhes in agony.
You call upon the dead to rise.
The centaur shouts!
Press: ? - help, Shift-Dir - straight line, f/p - ogre
Aim: an ogre, wielding a +0 giant club (lightly wounded)
You draw life force from the ogre!
The ogre barely misses you.
Press: ? - help, Shift-Dir - straight line, f/p - ogre
Aim: an ogre, wielding a +0 giant club (heavily wounded)
You draw life force from the ogre.
Press: ? - help, Shift-Dir - straight line, f/p - ogre
Aim: an ogre, wielding a +0 giant club (heavily wounded)
You draw life force from the ogre!
The orc wizard shouts!
The ogre hits you with a +0 giant club!!
Ouch! That really hurt!
* * * LOW HITPOINT WARNING * * *
The centaur shoots an arrow.
The arrow hits you!
You die...

***********,,,,,,,* ****,**
,,,,,,,,,,,,.....### **,,,,,,
,,,,,,,,***,,o.....# *,,*,,,*
,,,,,,,,* *,##.....##*##**,****,*
,,,,,,,,***,#.......#...,,,,,,,,*
,,,,,,,,,**,#..................,.
,,,,,,,,,,,,#........?.........#.
,,,,,,,,*,*,##...................
*********,,,#...@...#,,,,,.......
*,,,#....Oc.#,,,,,,......
*...........#########....
**#####.#..#.....o............#
*##,....,,#.,#....#.!..........)#
#.,,...,,..,,.....#.........)..c.
..##.##,,..,......#..........####
.##...##,.........#..........####
.#..##.#.#***,****#..............


You could see an ogre, a centaur, an orc wizard and an orc.

Vanquished Creatures
  A phantom (D:3)
  A bombardier beetle (D:3)
  Natasha (thrice) (D:2)
  2 gnolls
  2 adders
  3 dart slugs
  2 ribbon worms (D:3)
  13 orcs
  2 ball pythons (D:3)
  4 endoplasms
  3 giant cockroaches
  8 goblins
  5 hobgoblins
  4 jackals (D:1)
  6 kobolds
  2 quokkas
  6 bats
  8 frilled lizards
  6 rats
81 creatures vanquished.

Vanquished Creatures (collateral kills)
  A gnoll (D:3)
1 creature vanquished.

Vanquished Creatures (others)
  A gnoll zombie (D:4)
1 creature vanquished.

Grand Total: 83 creatures vanquished

Notes
Turn   | Place    | Note
-------+----------+-------------------------------------------
     0 | D:1      | James the Deep Elf Necromancer began the quest for the Orb.
     0 | D:1      | Reached XP level 1. HP: 10/10 MP: 6/6
   222 | D:1      | Reached skill level 5 in Necromancy
   246 | D:1      | Found Xakiki Ymyl's Distillery.
   285 | D:1      | Reached XP level 2. HP: 12/15 MP: 6/8
   495 | D:1      | Reached skill level 4 in Spellcasting
   971 | D:1      | Bought a potion of curing for 36 gold pieces
   983 | D:2      | Reached XP level 3. HP: 17/19 MP: 7/10
   991 | D:1      | Learned a level 3 spell: Vampiric Draining
  1052 | D:2      | Noticed Natasha
  1059 | D:2      | Killed Natasha
  1117 | D:2      | Reached skill level 5 in Spellcasting
  1380 | D:2      | Reached XP level 4. HP: 14/24 MP: 10/13
  1427 | D:2      | Learned a level 4 spell: Animate Dead
  1731 | D:2      | Noticed Natasha
  1735 | D:2      | Killed Natasha
  1904 | D:2      | Noticed Natasha
  1910 | D:2      | Killed Natasha
  2618 | D:3      | Reached XP level 5. HP: 22/28 MP: 4/15
  2870 | D:3      | Reached skill level 6 in Spellcasting
  3381 | D:3      | Found a runed translucent door.
  3382 | D:3      | Noticed Crazy Yiuf
  3858 | D:3      | Noticed a phantom
  3885 | D:3      | Killed a phantom
  3915 | D:3      | Reached XP level 6. HP: 32/32 MP: 17/17
  4115 | D:1      | Bought a potion of heal wounds for 60 gold pieces
  4827 | D:3      | Reached skill level 7 in Spellcasting
  5052 | D:4      | Shot with an arrow by a centaur

Illustrated notes

Levels and vault maps discovered:
D:1:      dpeg_arrival_boxorama, layout_basic, serial_shops, shop
D:2:      layout_loops_ring, uniq_natasha
D:3:      wad_river_or_something, layout_loops_corners, uniq_crazy_yiuf_cottage
D:4:      layout_rooms, minmay_manual_mares, uniq_pikel

Skill      XL: |  1  2  3  4  5  6 |
---------------+-------------------+-----
Necromancy     | 5 6 |  6.4
Spellcasting   | 4 5 6 7 |  7.1
Dodging        | 3 |  3.0
Stealth        | 3 |  3.0

Action                     |  1- 3 |  4- 6 || total
---------------------------+-------+-------++-------
  Melee: Club              |    11 |       ||    11
         Dagger            |    19 |    43 ||    62
         Punch             |     1 |     1 ||     2
   Cast: Necrotise         |    39 |    34 ||    73
         Vampiric Draining |       |    33 ||    33
         Animate Dead      |       |     5 ||     5
  Evoke: Wand              |       |     2 ||     2
    Use: Scroll            |       |     9 ||     9
   Stab: Sleeping          |     8 |     8 ||    16
 Armour: Robe              |    17 |    49 ||    66
  Dodge: Dodged            |    26 |    57 ||    83
